 Dungeon Crawl Stone Soup version 0.25-a0-869-g05d4e06 (webtiles) character file.

Game seed: 8851977423874690960, levelgen mode: deterministic

88 Anno the Changer (level 4, -1/38 HPs)
             Began as a Naga Transmuter on Apr 30, 2020.
             Slain by Natasha (7 damage)
             ... on level 2 of the Dungeon.
             The game lasted 00:08:21 (1781 turns).

Anno the Changer (Naga Transmuter)                  Turns: 1781, Time: 00:08:22

Health: -1/38      AC:  2    Str: 12    XL:     4   Next: 54%
Magic:  4/7        EV: 19    Int: 14    God:
Gold:   52         SH:  0    Dex: 17    Spells: 1/7 levels left

rFire    . . .     SeeInvis +     - Unarmed
rCold    . . .     Gourm    .   (shield currently unavailable)
rNeg     . . .     Faith    .   (armour currently unavailable)
rPois    x         Spirit   .   (helmet currently unavailable)
rElec    .         Reflect  .   (cloak currently unavailable)
rCorr    .         Harm     .   (gloves currently unavailable)
MR       .....                  (no barding)
Stlth    ++........             (no amulet)
HPRegen  0.12/turn              (no ring)
MPRegen  0.10/turn              (no ring)

@: short of breath, spider-form, slowed, very slow
A: tiny, see invisible, slow metabolism 1, spit poison 1, AC +1
a: Spit Poison, End Transformation


You were on level 2 of the Dungeon.
You were hungry.
You were a venomous arachnid creature.
You visited 1 branch of the dungeon, and saw 2 of its levels.

You collected 52 gold pieces.

Inventory:

Missiles
 a - 10 arrows
 f - 17 poisoned darts (quivered)
 l - a throwing net
Armour
 b - a +0 robe (melded)
 h - a +0 cloak (melded)
Jewellery
 o - an uncursed ring of resist corrosion
Scrolls
 c - a scroll of teleportation {unknown}
 g - a scroll of remove curse {unknown}
 i - a scroll of identify {unknown}
 n - 2 scrolls of fear {unknown}
Potions
 e - a potion of flight {unknown}
 j - a potion of curing {unknown}
 k - a potion of might {unknown}
Comestibles
 d - 4 rations


   Skills:
 - Level 1.0 Fighting
 - Level 1.5 Dodging
 - Level 3.0 Unarmed Combat
 - Level 2.0 Spellcasting
 + Level 4.6 Transmutations


You had one spell level left.
You knew the following spells:

 Your Spells              Type           Power        Failure   Level  Hunger
a - Beastly Appendage     Tmut           ##....       12%         1    ##.....
b - Sticks to Snakes      Tmut           ##......     16%         2    ###....
c - Spider Form           Tmut/Pois      #.........   50%         3    ####...

Your spell library contained the following spells:

 Spells                   Type           Power        Failure   Level  Hunger
 Ice Form                 Ice/Tmut       #.......     85%         4    #####..
 Blade Hands              Tmut           ##........   86%         5    ######.


Dungeon Overview and Level Annotations

Branches:
Dungeon (2/15)

Altars:
Hepliaklqana

Annotations:
D:2 Natasha, Sigmund


Innate Abilities, Weirdness & Mutations

You cannot wear boots.
((Your serpentine skin is tough. (AC +1)))
You have supernaturally acute eyesight. (SInv)
((Armour fits poorly on your strangely shaped body.))
((Your system is resistant to poisons. (rPois)))
((You cover ground very slowly.))
You have a slow metabolism.
You can spit poison.


Message History

The magic dart hits you! Natasha claws you.
You hit Natasha.
Natasha is poisoned.
Natasha is lightly wounded.
Natasha claws you!
* * * LOW HITPOINT WARNING * * *
You barely miss Natasha.
Natasha is moderately wounded.
Natasha closely misses you.
You closely miss Natasha.
Natasha is moderately wounded.
Natasha stares at you and mumbles some strange words.
You feel yourself slow down.
Press: ? - help, Shift-Dir - straight line, f - Natasha
Aim: Natasha (moderately wounded, very poisoned)
The splash of poison hits Natasha!
Natasha looks even sicker.
Natasha is severely wounded.
You are feeling hungry.
Natasha claws you!
You die...

###
...
#.#
#.#
#.#
#g#
#h#
#s#
#.#
#.#
#.#
#.#
#.#
#.#
#.#
#.#


You could see Natasha and a goblin.

Vanquished Creatures
  Terence (D:2)
  An adder (D:2)
  A worm (D:2)
  A dart slug (D:1)
  3 leopard geckos
  An orc (D:2)
  4 bats
  4 giant cockroaches
  4 goblins (D:1)
  6 hobgoblins
  3 frilled lizards
  4 kobolds
  5 rats (D:1)
38 creatures vanquished.

Vanquished Creatures (collateral kills)
  An adder (D:2)
  A kobold (D:1)
2 creatures vanquished.

Grand Total: 40 creatures vanquished

Notes
Turn   | Place    | Note
-------+----------+-------------------------------------------
     0 | D:1      | Anno the Naga Transmuter began the quest for the Orb.
     0 | D:1      | Reached XP level 1. HP: 18/18 MP: 3/3
   170 | D:1      | Reached XP level 2. HP: 10/25 MP: 1/5
   267 | D:1      | Learned a level 2 spell: Sticks to Snakes
   320 | D:1      | Reached skill level 3 in Transmutations
   711 | D:1      | Reached XP level 3. HP: 30/31 MP: 4/6
  1348 | D:2      | Reached skill level 4 in Transmutations
  1381 | D:2      | Noticed Sigmund
  1454 | D:2      | Reached XP level 4. HP: 7/38 MP: 4/7
  1720 | D:2      | Noticed Terence
  1722 | D:2      | Found a hazy altar of Hepliaklqana.
  1735 | D:2      | Killed Terence
  1743 | D:2      | Learned a level 3 spell: Spider Form
  1773 | D:2      | Noticed Natasha
  1781 | D:2      | Slain by Natasha

Levels and vault maps discovered:
D:1:      sevenhm_arrival_forest_fort_small_6, layout_loops_corners,
          minivault_11
D:2:      layout_basic, marbit_many_paths, uniq_terence, uniq_natasha,
          uniq_sigmund

Skill      XL: |  1  2  3 |
---------------+----------+-----
Transmutations | 3 4 |  4.6
Fighting       | |  1.0
Dodging        | |  1.5
Unarmed Combat | |  3.0
Spellcasting   | |  2.0

Action                   |  1- 3 |  4- 6 || total
-------------------------+-------+-------++-------
Melee: Unarmed           |   123 |    15 ||   138
       Headbutt          |    15 |     2 ||    17
       Punch             |     1 |       ||     1
Throw: Dart              |     1 |       ||     1
 Cast: Beastly Appendage |    23 |     1 ||    24
       Sticks to Snakes  |     2 |       ||     2
       Spider Form       |       |     1 ||     1
 Abil: Spit Poison       |    11 |     2 ||    13
 Stab: Sleeping          |     1 |       ||     1
  Eat: Chunk             |     2 |     1 ||     3
Armor: Robe              |    20 |     1 ||    21
Dodge: Dodged            |    55 |     9 ||    64

Table legend:
 A = Non-vault XP
 B = Vault XP
 C = Vault XP percentage of total XP
 D = Non-vault monster count
 E = Vault monster count
 F = Vault count percentage of total count
                 A         B        C        D         E       F
            +---------+---------+-------+---------+---------+-------
      Total |      88 |      39 |  30.7 |      38 |       2 |   5.0
            +---------+---------+-------+---------+---------+-------
        D:1 |      46 |       0 |   0.0 |      27 |       0 |   0.0
        D:2 |      42 |      39 |  48.1 |      11 |       2 |  15.4
            +---------+---------+-------+---------+---------+-------
